Map: Oxide LE

Players

uwuThermal (uThermal)

  • Race: Terran Terran
  • League: Master

Strange - Winner!

  • Race: Protoss Protoss
  • League: Master

Event: DreamHack SC2 Masters 2021 Summer

VOD

Have the link to the VOD?

Description

Time

  • Played on: May 20, 2021, 10:36 a.m.
  • Length: 12:17

All games in this series

Show
View Real Time Build Order
Export as new Build Order

uwuThermal Terran 

Build Orders:  

Get SALT Encoding   

  12  0:00  SCV  
  13  0:12  SCV  
  14  0:17  Supply Depot  
  14  0:24  SCV  
  15  0:38  SCV  
  15  0:40  Barracks  
  16  0:43  Refinery  
  16  0:50  SCV  
  17  1:02  SCV  
  18  1:14  SCV  
  19  1:26  Marine  
  19  1:27  Orbital Command  
  20  1:40  Command Center  
  20  1:45  Barracks Reactor  
  20  1:52  SCV  
  21  1:55  Supply Depot  
  21  2:05  SCV  
  21  2:08  Factory  
  22  2:14  Refinery  
  22  2:17  SCV  
  22  2:21  Marine x2  
  25  2:29  SCV  
  26  2:39  Marine x2  
  26  2:41  SCV  
  29  2:53  Widow Mine, Starport  
  29  2:55  Orbital Command  
  29  2:57  Marine  
  32  2:59  Marine  
  32  3:02  SCV  
  34  3:14  SCV  
  34  3:15  Factory Tech Lab, Marine  
  34  3:17  Marine  
  37  3:21  SCV  
  37  3:23  Supply Depot  
  37  3:26  SCV  
  39  3:33  Siege Tank  
  39  3:34  Medivac  
  44  3:35  Marine  
  44  3:37  Marine  
  46  3:44  SCV x2  
  46  3:45  Supply Depot  
  48  3:51  Engineering Bay  
  48  3:56  Marine x2  
  48  3:58  SCV x2  
  52  4:08  Starport Tech Lab  
  52  4:10  SCV, Siege Tank  
  52  4:15  Marine  
  52  4:16  Missile Turret  
  58  4:18  Marine, Missile Turret  
  58  4:24  SCV  
  58  4:25  Supply Depot  
  58  4:26  SCV  
  60  4:33  Marine  
  60  4:36  SCV  
  59  4:40  SCV  
  58  4:49  Siege Tank  
  58  4:52  SCV  
  57  4:53  Barracks  
  57  4:57  SCV  
  57  4:59  Barracks, Marine x2  
  59  5:03  Liberator  
  63  5:07  Supply Depot  
  63  5:09  SCV  
  65  5:18  Marine  
  65  5:19  Marine, Supply Depot  
  65  5:21  SCV, Siege Tank  
  67  5:26  Supply Depot  
  70  5:28  SCV  
  70  5:30  Refinery  
  70  5:31  Refinery  
  70  5:33  SCV  
  72  5:36  Marine x2, Supply Depot  
  72  5:40  SCV  
  72  5:42  Marine  
  76  5:45  SCV  
  76  5:48  Stimpack  
  76  5:49  Barracks Reactor  
  77  5:50  Barracks Tech Lab  
  77  5:51  Starport Reactor  
  77  5:53  SCV  
  77  5:54  Marine x2  
  80  5:57  SCV  
  80  6:03  Marauder  
  80  6:04  Terran Infantry Weapons Level 1  
  83  6:12  Command Center  
  83  6:13  Marauder  
  83  6:15  Marine x2  
  87  6:18  Combat Shield  
  87  6:24  Siege Tank  
  90  6:31  Marauder  
  83  6:39  Barracks  
  82  6:40  Marine  
  82  6:42  Barracks, Marine  
  84  6:47  Marine  
  84  6:52  Marauder  
  84  6:53  Medivac x2  
  91  6:57  Supply Depot  
  91  6:59  Siege Tank  
  91  7:01  Marine  
  95  7:03  SCV  
  95  7:07  SCV  
  97  7:13  Marauder, Marine  
  97  7:15  SCV  
  101  7:17  Marauder  
  103  7:23  Medivac  
  103  7:26  Medivac  
  103  7:28  Concussive Shells  
  107  7:34  Marine x3  
  107  7:36  SCV  
  97  7:50  SCV, Orbital Command  
  90  7:51  Barracks Tech Lab  
  90  7:52  Barracks Reactor  
  90  7:53  Medivac  
  90  7:54  SCV  
  90  7:55  Siege Tank  
  90  7:57  Missile Turret x2  
  90  7:58  Marine x2  
  98  8:01  Marine x2  
  98  8:03  SCV  
  101  8:06  Terran Infantry Armor Level 1  
  101  8:09  SCV  
  101  8:11  Marine  
  103  8:15  SCV, Marine  
  103  8:16  SCV  
  106  8:20  Marine  
  106  8:21  SCV, Marine  
  106  8:22  Marauder  
  111  8:28  SCV, Siege Tank  
  111  8:29  Marine  
  111  8:30  SCV  
  111  8:31  Marine, Supply Depot  
  111  8:33  Marine  
  119  8:34  SCV  
  119  8:36  Viking  
  119  8:40  Marauder  
  120  8:42  Viking  
  120  8:48  Marine  
  120  8:49  Marauder  
  120  8:55  Marine x2  
  118  8:56  Marauder  
  118  9:00  Siege Tank  
  118  9:01  Marauder, Supply Depot  
  118  9:02  SCV  
  128  9:04  Marine  
  128  9:05  Refinery x2  
  128  9:06  Viking  
  128  9:07  Marine  
  131  9:10  SCV, Marauder  
  131  9:12  SCV, Supply Depot  
  131  9:15  SCV  
  131  9:16  Missile Turret  
  136  9:17  Supply Depot  
  136  9:19  Marine x2, Missile Turret  
  136  9:22  SCV  
  136  9:23  Marauder  
  141  9:24  Armory  
  141  9:26  SCV, Engineering Bay  
  141  9:30  Marauder, Marine x2  
  146  9:36  Missile Turret  
  149  9:38  Siege Tank  
  149  9:39  Marine  
  149  9:40  Marine  
  149  9:42  Marine  
  152  9:50  Ghost Academy, Marine, Supply Depot  
  152  9:51  Marine  
  118  10:14  Marine  
  118  10:15  Marauder x2, Marine  
  118  10:16  Marine x2  
  118  10:17  Marauder  
  118  10:18  Liberator x2  
  103  10:27  Siege Tank  
  91  10:32  Marine x2  
  91  10:34  Marine x2  
  91  10:36  Marauder  
  91  10:37  Marauder  
  91  10:38  Marauder  
  96  10:46  Orbital Command  
  96  10:50  Marine x2  
  96  10:52  Marine x2  
  100  10:58  Marauder x2  
  100  10:59  Marine  
  108  11:08  Liberator, Marine x2  
  108  11:09  Liberator  
  113  11:17  Marauder, Marine  
  116  11:25  Marauder, Marine  
  101  11:26  Marauder  
  87  11:37  SCV  
  77  11:41  Marine  
  77  11:45  Marine  
Show
View Real Time Build Order
Export as new Build Order

Strange Protoss - Winner!

Build Orders: 1 Gate Expand, Double Forge, Phoenix Opening, Colossus Rush 

Get SALT Encoding   

  12  0:00  Probe  
  13  0:12  Probe  
  14  0:17  Pylon  
  14  0:24  Probe (Chrono Boost)  
  16  0:36  Gateway  
  16  0:37  Probe (Chrono Boost)  
  16  0:42  Probe (Chrono Boost)  
  16  0:45  Assimilator  
  17  0:51  Probe  
  18  1:03  Probe  
  19  1:15  Probe  
  20  1:25  Cybernetics Core  
  20  1:27  Probe  
  21  1:33  Nexus  
  21  1:40  Pylon  
  21  1:43  Probe  
  22  1:48  Assimilator  
  22  1:55  Probe  
  22  1:58  Stalker (Chrono Boost)  
  25  2:02  Warp Gate  
  25  2:07  Probe  
  26  2:12  Shield Battery  
  26  2:19  Probe  
  27  2:24  Sentry (Chrono Boost)  
  29  2:31  Probe  
  31  2:45  Robotics Facility  
  31  2:46  Probe (Chrono Boost)  
  31  2:48  Probe (Chrono Boost)  
  32  2:51  Phoenix  
  32  2:53  Stalker  
  32  2:55  Probe (Chrono Boost)  
  32  2:58  Probe (Chrono Boost)  
  36  3:00  Probe (Chrono Boost)  
  36  3:05  Gateway  
  37  3:07  Probe  
  37  3:08  Pylon  
  37  3:12  Probe  
  40  3:20  Probe  
  40  3:24  Probe  
  41  3:32  Probe  
  41  3:33  Observer (Chrono Boost)  
  43  3:36  Probe  
  43  3:39  Assimilator  
  44  3:41  Assimilator  
  44  3:44  Probe  
  44  3:45  Immortal (Chrono Boost)  
  44  3:48  Probe, Pylon  
  50  3:56  Probe  
  50  4:00  Probe  
  50  4:02  Forge x2  
  52  4:08  Probe  
  52  4:09  Stalker  
  55  4:12  Stalker  
  55  4:13  Probe  
  55  4:15  Observer (Chrono Boost)  
  59  4:19  Pylon  
  59  4:20  Probe  
  60  4:26  Robotics Bay  
  54  4:41  Stalker x2  
  58  4:46  Protoss Ground Weapons Level 1 (Chrono Boost), Protoss Ground Armor Level 1 (Chrono Boost)  
  57  4:56  Gateway  
  57  4:57  Gateway  
  57  4:58  Pylon  
  57  5:02  Observer  
  58  5:09  Pylon, Sentry  
  58  5:10  Zealot  
  62  5:20  Observer  
  62  5:23  Colossus (Chrono Boost)  
  62  5:26  Probe x2  
  70  5:33  Zealot x2  
  70  5:34  Twilight Council  
  74  5:38  Probe x2  
  76  5:46  Extended Thermal Lance  
  76  5:50  Probe x2, Pylon  
  78  5:57  Photon Cannon  
  78  6:00  Pylon  
  78  6:02  Probe  
  79  6:06  Charge (Chrono Boost)  
  79  6:09  Zealot x2  
  83  6:13  Colossus (Chrono Boost)  
  83  6:16  Shield Battery, Stalker  
  91  6:20  Observer  
  89  6:34  Pylon  
  89  6:46  Pylon, Nexus  
  89  6:50  Observer, Protoss Ground Weapons Level 2, Protoss Ground Armor Level 2  
  89  6:53  Zealot x4  
  97  6:59  Pylon  
  97  7:00  Gateway  
  97  7:09  Colossus  
  103  7:19  Zealot x3  
  109  7:29  Gateway x2  
  107  7:41  Zealot x3  
  87  7:54  Templar Archives  
  87  7:55  Probe x2  
  87  7:57  Gateway  
  87  7:58  Gateway, Shield Battery  
  89  7:59  Observer  
  89  8:00  Probe  
  89  8:02  Observer  
  90  8:07  Probe x2  
  90  8:09  Warp Prism (Chrono Boost)  
  90  8:12  Probe  
  95  8:14  Psionic Storm  
  95  8:19  Probe x2  
  97  8:24  Probe  
  98  8:32  High Templar x3  
  103  8:35  High Templar  
  103  8:38  Pylon  
  105  8:45  Observer  
  105  8:55  Immortal (Chrono Boost)  
  101  8:59  Zealot x4  
  113  9:04  Gateway  
  113  9:05  Gateway  
  113  9:11  Pylon  
  113  9:14  Stalker x4  
  121  9:21  Stalker  
  121  9:22  Zealot x2, Stalker  
  129  9:31  Pylon  
  129  9:33  Immortal (Chrono Boost)  
  133  9:44  Zealot x3  
  133  9:45  Zealot x4  
  147  9:50  Zealot  
  145  10:07  Warp Prism (Chrono Boost)  
  145  10:12  Zealot x5  
  145  10:13  Zealot x6  
  145  10:14  Zealot  
  137  10:16  Archon  
  105  10:30  Stalker x2  
  105  10:35  Observer  
  109  10:40  Zealot x3, Stalker x3  
  109  10:41  Zealot  
  123  10:45  Colossus (Chrono Boost)  
  123  10:46  Observer  
  123  11:00  High Templar x4  
  123  11:02  Zealot x3  
  137  11:04  Archon  
  137  11:05  Archon  
  119  11:27  Zealot x6  
  111  11:34  Zealot x4  
  107  11:54  Stalker x2  
  107  11:55  Zealot, Stalker x3  
  113  12:04  Zealot x3  
  99  12:09  Zealot  
Tags
 
Add a new tag
Caveats
  • Supply blocks, unpowered buildings, or Contaminate may cause inaccurate times.
  • Supply counts are checked every 10 seconds.